 Dungeon Crawl Stone Soup version 0.30.1-4-g462c640d31 (webtiles) character file.

Game seed: 7177150779609625791

93 Heoruswealwe the Shooter (level 4, -3/57 HPs)
             Began as a Demigod Hunter on Aug 15, 2023.
             Slain by a phantom (4 damage)
             ... on level 4 of the Dungeon.
             The game lasted 00:28:36 (2137 turns).

Heoruswealwe the Shooter (Demigod Hunter)           Turns: 2137, Time: 00:28:37

Health: -3/57      AC:  6    Str: 14    XL:     4   Next: 15%
Magic:  6/6        EV: 12    Int: 11    God:
Gold:   16         SH:  0    Dex: 21    Spells: 1/3 levels left

rFire   + . .        b - +4 battleaxe "Hepoes" {heavy, rPois rN+ rCorr Str+2}
rCold   + . .        (shield currently unavailable)
rNeg    + . .        c - +2 robe {rC+ rF+}
rPois   +            g - +0 helmet
rElec   .            (no cloak)
rCorr   +            f - +0 pair of gloves
SInv    .            (no boots)
Will    +....        (no amulet) Stlth
                     k - ring of willpower
HPRegen 0.29/turn    (no ring)
MPRegen 0.10/turn

%: no passive effects
@: berserking, very quick
A: high MP 1, forlorn, divine attributes
a: no special abilities


You were on level 4 of the Dungeon.
You visited 1 branch of the dungeon, and saw 4 of its levels.

You collected 172 gold pieces.
You spent 156 gold pieces at shops.

Inventory:

Hand Weapons
 a - a +0 shortbow
 b - the +4 battleaxe "Hepoes" (weapon) {heavy, rPois rN+ rCorr Str+2}
   (You found it on level 3 of the Dungeon)

   Str:       It affects your strength (+2).
   rPois:     It protects you from poison.
   rN:        It protects you from negative energy.
   rCorr:     It protects you from acid and corrosion.
Armour
 c - a +2 robe of resistance (worn)
 f - a +0 pair of gloves (worn)
 g - a +0 helmet (worn)
Jewellery
 k - a ring of willpower (left hand)
Scrolls
 j - a scroll of magic mapping {unknown}
 l - a scroll of enchant armour
 n - 3 scrolls of immolation
 o - 2 scrolls of enchant weapon
 p - a scroll of blinking
 r - a scroll of fog
 s - a scroll of teleportation
Potions
 d - a potion of haste {unknown}
 e - a potion of attraction {unknown}
 h - 2 potions of curing {unknown}
 i - 2 potions of berserk rage
 m - a potion of lignification {unknown}
 q - a potion of might {unknown}


   Skills:
 + Level 3.2 Fighting
 + Level 4.5 Ranged Weapons
 - Level 1.7 Dodging
 - Level 0.8 Stealth


You had one spell level left.
You knew the following spells:

 Your Spells              Type           Power      Damage    Failure   Level
a - Passwall              Tmut/Erth      0%         N/A       47%         2

Your spell library contained the following spells:

 Spells                   Type           Power      Damage    Failure   Level
 Beastly Appendage        Tmut           0%         N/A       34%         1
 Sandblast                Erth           0%         2d4       34%         1
 Summon Small Mammal      Summ           0%         N/A       34%         1
 Wereblood                Tmut           0%         N/A       47%         2
 Call Canine Familiar     Summ           0%         N/A       71%         3
 Spider Form              Tmut/Pois      0%         N/A       71%         3
 Stone Arrow              Conj/Erth      0%         3d7       71%         3
 Summon Guardian Golem    Hex/Summ       0%         N/A       71%         3
 Vhi's Electric Charge    Tloc/Air       0%         N/A       71%         3
 Arcjolt                  Conj/Air       0%         1d10      100%        5
 Plasma Beam              Fire/Air       0%         2x1d11    100%        6


Dungeon Overview and Level Annotations

Branches:
Dungeon (4/15)
 Temple: D:4-7

Shops:
D:1 (   D:3 ?


Innate Abilities, Weirdness & Mutations

You have an increased reservoir of magic. (+10% MP)
You shall have no god before yourself.
Your divine heritage dramatically boosts your attributes as you level up.


Message History

The phantom barely misses you.
Fire: a) +0 shortbow
Press: ? - help, Q - select action Shift-Dir - straight line, f/p - phantom
Aim: a phantom (heavily damaged, 56% to hit)
You shoot an arrow.
The arrow hits the phantom but does no damage.
The phantom is heavily damaged.
The phantom closely misses you. The quokka closely misses you.
Fire: a) +0 shortbow
Press: ? - help, Q - select action Shift-Dir - straight line, f/p - phantom
Aim: a phantom (heavily damaged, 56% to hit)
You shoot an arrow. The arrow closely misses the phantom.
The phantom hits you.
* * * LOW HITPOINT WARNING * * *
The phantom blinks!
You blink.
Fire: a) +0 shortbow
Press: ? - help, Q - select action Shift-Dir - straight line, f/p - phantom
Aim: a phantom (heavily damaged, 56% to hit)
You shoot an arrow. The arrow hits the phantom!
The phantom is almost destroyed.
The phantom hits you.
* * * LOW HITPOINT WARNING * * *
The phantom closely misses you.
It was a potion of berserk rage.
A red film seems to cover your vision as you go berserk!
You feel yourself moving faster!
You feel mighty! The quokka misses you. The phantom hits you.
* * * LOW HITPOINT WARNING * * *
The phantom blinks!
You blink.
You are too berserk!
You are too berserk!
You feel stronger.
b - the +4 battleaxe "Hepoes" (weapon)
{heavy, rPois rN+ rCorr Str+2} You feel a strong urge to attack something.
You closely miss the phantom.
The phantom is almost destroyed.
The phantom hits you.
* * * LOW HITPOINT WARNING * * *
The phantom blinks!
You blink.
The quokka misses you. The phantom hits you.
You die...

############.
#.....§......
##W#####......#
#@r......####.##
#..#####.###.#>###
#######..#####.........
........†......#.....#
######(.#####.......#
#(.#####.#.....###
#..#..............
######..#.#.###########
#...........#


You could see a phantom and a quokka.

Vanquished Creatures
  2 adders
  3 worms (D:2)
  3 dart slugs
  4 bats
  10 endoplasms
  2 giant cockroaches (D:1)
  4 goblins (D:1)
  8 hobgoblins
  2 jackals (D:4)
  2 quokkas
  5 ball pythons
  6 frilled lizards
  4 kobolds
  5 rats
60 creatures vanquished.

Notes
Turn   | Place    | Note
-------+----------+-------------------------------------------
     0 | D:1      | Heoruswealwe the Demigod Hunter began the quest for the
                  | Orb.
     0 | D:1      | Reached XP level 1. HP: 17/17 MP: 3/3
   224 | D:1      | Reached XP level 2. HP: 24/24 MP: 4/4
   246 | D:1      | Found Puxzoruu's Weapon Shop.
   379 | D:1      | Reached skill level 4 in Ranged Weapons
   873 | D:2      | Reached XP level 3. HP: 30/30 MP: 5/5
  1108 | D:2      | Learned a level 2 spell: Passwall
  1693 | D:3      | Found Riunwohi's Magic Scroll Shop.
  1710 | D:3      | Reached XP level 4. HP: 37/38 MP: 6/6
  1718 | D:3      | Bought 3 scrolls of identify for 72 gold pieces
  1718 | D:3      | Bought a scroll of identify for 24 gold pieces
  1718 | D:3      | Bought a scroll of identify for 24 gold pieces
  1943 | D:3      | Identified the +4 battleaxe "Hepoes" {heavy, rPois rN+
                  | rCorr Str+2}
  2059 | D:3      | Bought a scroll of teleportation for 36 gold pieces
  2105 | D:4      | Noticed a phantom
  2137 | D:4      | HP: 1/57 [phantom (5)]
  2137 | D:4      | Slain by a phantom

Illustrated notes

Levels and vault maps discovered:
D:1:      eino_arrival_cavern_b, layout_loops_ring, serial_shops, shop,
          minmay_tree_intersection
D:2:      layout_basic, minmay_increasing_density
D:3:      layout_basic, serial_shops, shop
D:4:      kennysheep_six_static_rooms, layout_loops_ring, uniq_menkaure,
          uniq_sigmund

Skill      XL: |  1  2  3 |
---------------+----------+-----
Fighting       | 2 3 |  3.2
Ranged Weapons | 4 |  4.5
Dodging        | |  1.7
Stealth        | |  0.8

Action                     |  1- 3 |  4- 6 || total
---------------------------+-------+-------++-------
  Melee: Battleaxe         |       |     1 ||     1
   Fire: Shortbow          |   117 |    40 ||   157
    Use: Scroll            |       |     8 ||     8
         Potion            |       |     1 ||     1
 Armour: Robe              |     9 |     9 ||    18
  Dodge: Dodged            |    34 |    18 ||    52
